 Dungeon Crawl Stone Soup version 0.29.1-12-g30fa7ad0bf (webtiles) character file.

Game seed: 12775277856530678589

1587 pookielover the Fighter (level 8, -2/91 (94) HPs)
             Began as an Ogre Berserker on Jan 7, 2023.
             Was a Priest of Trog.
             Slain by a river rat (6 damage)
             ... on level 6 of the Dungeon.
             The game lasted 00:14:28 (8137 turns).

pookielover the Fighter (Ogre Berserker)            Turns: 8137, Time: 00:14:28

HP:   -2/91 (94)    AC:  4    Str: 26    XL:     8   Next: 92%
MP:   8/8           EV: 11    Int: 13    God:    Trog [***...]
Gold: 389           SH:  0    Dex: 23    Spells: 7/7 levels left

rFire   + . .      SeeInvis .   E - +4 whip (elec)
rCold   x . .      Faith    .   (no shield)
rNeg    . . .      Spirit   .   b - +1 animal skin
rPois   .          Reflect  .   (helmet restricted)
rElec   .          Harm     .   (no cloak)
rCorr   .          Rampage  .   (gloves unavailable)
Will    .....                   (boots unavailable)
Stlth   ++........              D - amulet of the acrobat
HPRegen 0.25/turn               d - ring of Modesty {Fire Str+4 Int+5 Dex+7}
MPRegen 0.11/turn               s - +6 ring of dexterity

@: on berserk cooldown, lightly drained
A: large, unfitting armour, tough skin 1
a: Renounce Religion, Berserk, Trog's Hand


You were on level 6 of the Dungeon.
You worshipped Trog.
Trog was most pleased with you.
You visited 1 branch of the dungeon, and saw 6 of its levels.

You collected 389 gold pieces.

Inventory:

Hand Weapons
 E - a +4 whip of electrocution (weapon)
Armour
 b - a +1 animal skin (worn)
 e - the +2 ratskin cloak {*Rats rPois rN+ Str-1 Int-1 Dex+1}
   (You found it on level 6 of the Dungeon)

   When the wearer is hurt, rats may emerge from it to assist them.
   Str:       It affects your strength (-1).
   Int:       It affects your intelligence (-1).
   Dex:       It affects your dexterity (+1).
   rPois:     It protects you from poison.
   rN:        It protects you from negative energy.
Jewellery
 d - the ring of Modesty (left hand) {Fire Str+4 Int+5 Dex+7}
   (You acquired it on level 6 of the Dungeon)

   [ring of fire]

   It enhances your fire magic.
   Str:       It affects your strength (+4).
   Int:       It affects your intelligence (+5).
   Dex:       It affects your dexterity (+7).
   rF:        It protects you from fire.
   rC:        It makes you vulnerable to cold.
 j - an amulet of regeneration
 s - a +6 ring of dexterity (right hand)
 D - an amulet of the acrobat (around neck)
Wands
 y - a wand of flame (12)
 A - a wand of roots (13)
 B - a wand of mindburst (13)
Scrolls
 c - 5 scrolls of teleportation
 g - 3 scrolls of blinking
 h - a scroll of butterflies
 i - a scroll of magic mapping
 l - 2 scrolls of enchant armour
 v - 3 scrolls of vulnerability
Potions
 a - 2 potions of cancellation
 n - a potion of attraction
 o - a potion of resistance
 r - 2 potions of haste
 x - 2 potions of berserk rage


   Skills:
 + Level 10.5 Fighting
 + Level 7.7 Maces & Flails
 - Level 2.8 Dodging


You had 7 spell levels left.
You didn't know any spells.
Your spell library was empty.

Dungeon Overview and Level Annotations

Branches:
Dungeon (6/15)             Temple (0/1) D:5

Altars:
Cheibriados
Dithmenos
Elyvilon
Hepliaklqana
Trog
Wu Jian
Zin


Innate Abilities, Weirdness & Mutations

You are too large for most types of armour.
You have tough skin. (AC +1)


Message History

The river rat bites you.
The river rat bites you but does no damage.
You hit the river rat but do no damage.
The river rat bites you but does no damage. x2
The river rat bites you.
You whack the river rat!
The river rat is heavily wounded.
The river rat bites you. x2
* * * LOW HITPOINT WARNING * * *
The river rat bites you.
* * * LOW HITPOINT WARNING * * *
Blink to where?
Press: ? - help, Dir - move target
As you read the scroll of blinking, it crumbles to dust.
e - the +2 ratskin cloak {*Rats rPois rN+ Str-1 Int-1 Dex+1} You start putting on your armour.
You continue putting on the +2 ratskin cloak {*Rats rPois rN+ Str-1 Int-1 Dex+1}.
The river rat closely misses you. The river rat misses you.
The river rat bites you.
Keep equipping yourself?
* * * LOW HITPOINT WARNING * * *
You continue putting on the +2 ratskin cloak {*Rats rPois rN+ Str-1 Int-1 Dex+1}.
The river rat barely misses you. The river rat bites you!
* * * LOW HITPOINT WARNING * * *
The river rat barely misses you.
You continue putting on the +2 ratskin cloak {*Rats rPois rN+ Str-1 Int-1 Dex+1}.
You feel yourself speed up. The river rat barely misses you.
The river rat bites you.
* * * LOW HITPOINT WARNING * * *
The river rat closely misses you. The river rat bites you.
* * * LOW HITPOINT WARNING * * *
The river rat bites you but does no damage.
The river rat bites you.
* * * LOW HITPOINT WARNING * * *
The river rat misses you. x2
You continue putting on the +2 ratskin cloak {*Rats rPois rN+ Str-1 Int-1 Dex+1}.
The river rat bites you.
* * * LOW HITPOINT WARNING * * *
The river rat bites you.
You die...

* #.#..###.#.#.###.# ######## **
#.#..###.....##.## # ,**
#.#...#..#....##†# # ,,*
#.#...#†#†.#..##.### #
,.####....#..#..#.##.#.# ########
,....###..#..#....#.##.# #......#
,,........#†.#....##.#.###.####.#
,,...#....#.###rrr#.##....[##....
,,####....#†###r@##.##.##.....#.#
,,##.#....##.#####.###.###.####.#
,*#........#.####.##...# #.####.#
**#.....<..##.##.##.#### #......#
###...#...####.#.#..# ########
.....###..# #†#.##### .####.....#
#####,* .# *.....# *,* .# *.....#
*,*


You could see 4 river rats.

Vanquished Creatures
  A water moccasin (D:6)
  2 black bears
  2 ogres
  A phantom (D:5)
  2 bullfrogs
  3 scorpions
  4 hounds
  A jelly (D:5)
  A gnoll bouda (D:6)
  Jessica (D:2)
  An orc wizard (D:6)
  3 iguanas
  Ijyb (D:4)
  A hell rat (D:6)
  6 adders
  11 gnolls
  14 river rats (D:6)
  A white imp (D:5)
  2 worms
  2 dart slugs
  7 orcs
  5 ball pythons
  9 bats
  7 endoplasms
  3 giant cockroaches
  10 goblins
  13 hobgoblins
  7 jackals
  6 kobolds
  4 quokkas
  A frilled lizard (D:1)
  3 rats
135 creatures vanquished.

Vanquished Creatures (others)
  5 plants (D:4)
5 creatures vanquished.

Grand Total: 140 creatures vanquished

Notes
Turn   | Place    | Note
-------+----------+-------------------------------------------
     0 | D:1      | pookielover the Ogre Berserker began the quest for the Orb.
     0 | D:1      | Reached XP level 1. HP: 24/24 MP: 1/1
   121 | D:1      | Reached XP level 2. HP: 26/32 MP: 2/2
   204 | D:1      | HP: 2/48 [jackal (2)]
   989 | D:1      | Reached XP level 3. HP: 36/40 MP: 3/3
  1596 | D:2      | Noticed Jessica
  1603 | D:2      | Killed Jessica
  1604 | D:2      | Reached XP level 4. HP: 49/49 MP: 4/4
  1762 | D:2      | Reached skill level 5 in Fighting
  1857 | D:2      | Reached ** piety under Trog
  1880 | D:2      | Reached XP level 5. HP: 16/57 MP: 5/5
  2127 | D:2      | Found a bloodstained altar of Trog.
  2629 | D:3      | Identified the +6 falchion of Tumult {freeze, rCorr Dex+4}
  2835 | D:3      | Found a faded altar of an unknown god.
  2848 | D:3      | Found a white marble altar of Elyvilon.
  3503 | D:3      | Found a faded altar of an unknown god.
  3673 | D:4      | Noticed an ogre
  3679 | D:4      | Killed an ogre
  3680 | D:4      | Reached skill level 6 in Fighting
  3680 | D:4      | Reached skill level 5 in Maces & Flails
  3680 | D:4      | Reached XP level 6. HP: 68/68 MP: 6/6
  3924 | D:4      | Found an ornate altar of the Wu Jian Council.
  3929 | D:4      | Noticed a black bear
  3943 | D:4      | Killed a black bear
  3944 | D:4      | Reached skill level 7 in Fighting
  3944 | D:4      | Reached XP level 7. HP: 78/78 MP: 7/7
  4275 | D:4      | Found a glowing silver altar of Zin.
  4284 | D:4      | Noticed Ijyb
  4302 | D:4      | Killed Ijyb
  4879 | D:4      | Found a hazy altar of Hepliaklqana.
  4994 | D:5      | Entered Level 5 of the Dungeon
  5002 | D:5      | Found a staircase to the Ecumenical Temple.
  5253 | D:5      | Reached skill level 8 in Fighting
  5723 | D:5      | Found a snail-covered altar of Cheibriados.
  5731 | D:5      | Found a shadowy altar of Dithmenos.
  5770 | D:5      | Reached *** piety under Trog
  6468 | D:6      | Reached XP level 8. HP: 58/89 MP: 8/8
  6650 | D:6      | Reached skill level 9 in Fighting
  7862 | D:6      | Identified a scroll of acquirement
  7862 | D:6      | Acquired the ring of Modesty {Fire Str+4 Int+5 Dex+7}
  7887 | D:6      | Reached skill level 10 in Fighting
  8125 | D:6      | Found the +2 ratskin cloak {*Rats rPois rN+ Str-1 Int-1
                  | Dex+1}
  8137 | D:6      | HP: 4/91 [river rat (3)]
  8137 | D:6      | Slain by a river rat

Illustrated notes

Levels and vault maps discovered:
D:1:      noname_arrival_rooms_in_the_neighbourhood, layout_basic
D:2:      layout_basic, basic_altar, uniq_jessica
D:3:      layout_basic, nicolae_overflow_ecumenical_swirl,
          shapermc_ecumenical_altar_hornbeckon, chequers_serial_rivers_micro_b,
          minmay_joined_circles
D:4:      layout_basic, worldfamousw_hep_ancestral_shrine, kennysheep_mini_moat,
          mainiacjoe_overflow_brackets, serial_forest,
          infiniplex_forest_straight_2, infiniplex_forest_clump_medium,
          infiniplex_forest_straight_3, infiniplex_forest_clump_double,
          uniq_ijyb
D:5:      layout_loops_cross, nicolae_overflow_squiral,
          minmay_temple_entry_stoned_glass
D:6:      wander_guarded_unrand_ratskin, layout_loops_cross, tgw_sif,
          uniq_crazy_yiuf_cottage, uniq_eustachio

Skill      XL: |  1  2  3  4  5  6  7  8 |
---------------+-------------------------+-----
Maces & Flails | 3 4 5 6 7 |  7.7
Fighting       | 5 6 7 8 10 | 10.5
Dodging        | |  2.8

Action                   |  1- 3 |  4- 6 |  7- 9 || total
-------------------------+-------+-------+-------++-------
Melee: Mace              |   101 |    44 |       ||   145
       Whip              |       |   138 |   231 ||   369
       Punch             |       |     1 |     2 ||     3
Invok: Berserk           |     2 |     2 |     5 ||     9
  Use: Potion            |       |     2 |     8 ||    10
       Scroll            |       |       |    18 ||    18
 Stab: Sleeping          |       |       |     2 ||     2
Armor: Animal skin       |    68 |    64 |    31 ||   163
Dodge: Dodged            |    99 |   124 |   100 ||   323
